 Dungeon Crawl Stone Soup version 0.31-a0-236-g9a0961fb85 (webtiles) character file.

Game seed: 6613692787341095076

135 qw the Shooter (level 4, -5/37 HPs)
             Began as a Minotaur Hexslinger on July 10, 2023.
             Slain by Grinder (8 damage)
             ... on level 3 of the Dungeon.
             The game lasted 00:00:57 (2221 turns).

qw the Shooter (Minotaur Hexslinger)                Turns: 2221, Time: 00:00:58

Health: -5/37      AC:  5    Str: 12    XL:     4   Next: 97%
Magic:  4/4        EV: 12    Int: 10    God:
Gold:   150        SH:  0    Dex: 15    Spells: 4/5 levels left

rFire   . . .        Y - +0 arbalest
rCold   + . .        (shield currently unavailable)
rNeg    . . .        c - +2 leather armour {rC+}
rPois   .            (helmet restricted)
rElec   .            (no cloak)
rCorr   .            (no gloves)
SInv    .            (no boots)
Will    .....        (no amulet)
Stlth   +            (no ring)
HPRegen 0.26/turn    (no ring)
MPRegen 0.09/turn

%: no passive effects
@: about to teleport
A: horns 2, retaliatory headbutt
a: no special abilities


You were on level 3 of the Dungeon.
You visited 1 branch of the dungeon, and saw 3 of its levels.

You collected 150 gold pieces.


Innate Abilities, Weirdness & Mutations

You have a pair of horns on your head.
You reflexively headbutt those who attack you in melee.


   Skills:
 + Level 2.4 Fighting
 - Level 5.1 Ranged Weapons
 - Level 1.4 Armour
 - Level 2.1 Dodging
 - Level 1.0 Spellcasting
 - Level 2.0 Hexes


You had 4 spell levels left.
You knew the following spells:

 Your Spells              Type           Power      Damage    Failure   Level
a - Slow                  Hex            16%        N/A       19%         1

Your spell library contained the following spells:

 Spells                   Type           Power      Damage    Failure   Level
 Inner Flame              Hex/Fire       2%         N/A       65%         3
 Portal Projectile        Hex/Tloc       4%         N/A       65%         3
 Cause Fear               Hex            2%         N/A       88%         4

Inventory:

Hand Weapons
 Y - a +0 arbalest (weapon)
Armour
 c - a +2 leather armour of cold resistance (worn)
Scrolls
 d - a scroll of torment {unknown}
 f - 2 scrolls of identify
 g - a scroll of teleportation
Potions
 a - 2 potions of cancellation
 b - a potion of curing
 i - 2 potions of heal wounds {unknown}

Dungeon Overview and Level Annotations

Branches:
Dungeon (3/15)

Altars:
Gozag

Shops:
D:1 [

Annotations:
D:3 3 runed translucent doors, Grinder; qw's ghost, amateur MiHs


Message History

Enter note: You shoot a bolt.
The bolt barely misses Grinder.
Grinder gestures at you. You resist with significant effort.
You shoot a bolt. The bolt closely misses Grinder.
Grinder hits you.
You shoot a bolt. The bolt hits Grinder!
Grinder is moderately wounded.
Grinder says, "I used to sell toenails on the black market."
Grinder hits you.
You writhe in agony.
Grinder hits you but does no damage.
You shoot a bolt. The bolt barely misses Grinder.
Grinder blinks!
You shoot a bolt. The bolt barely misses Grinder.
Grinder gestures at you. Pain shoots through your body!
You shoot a bolt. The bolt closely misses Grinder.
You shoot a bolt. The bolt hits Grinder!
Grinder is heavily wounded.
Grinder barely misses you.
You shoot a bolt. The bolt hits Grinder!
Grinder is severely wounded.
Grinder hits you but does no damage.
You shoot a bolt. The bolt hits Grinder!
Grinder is almost dead.
Grinder hits you. Grinder gestures at you.
You suddenly lose the ability to move!
Grinder hits you.
You writhe in agony.
You can move again.
You shoot a bolt. The bolt hits Grinder.
Grinder is almost dead.
Grinder gestures at you.
You shrug off the repeated paralysis!
Grinder hits you!
2220 ||| READING 2 scrolls of teleportation.
As you read the scroll of teleportation, it crumbles to dust.
You feel strangely unstable. Grinder misses you.
You shoot a bolt. The bolt barely misses Grinder.
Grinder hits you!
You die...

#### ### ......# ..#$#
#..#########
##@5.......#
#..#######.# #.#.# #.#
###.# #.#
#.#+###.#######.# ####
#.............#.### #...
#.....##.####.#...###.##
...... #.# ##.##...##.#.
..... ..# #........#.#.


You could see Grinder.

Vanquished Creatures
  5 adders (D:2)
  3 gnolls (D:2)
  2 worms (D:2)
  A dart slug (D:1)
  An orc (D:3)
  7 ball pythons
  2 endoplasms
  5 giant cockroaches
  4 goblins
  5 hobgoblins
  2 quokkas (D:1)
  7 bats
  5 frilled lizards
  2 kobolds
  4 rats
55 creatures vanquished.

Notes
Turn   | Place    | Note
-------+----------+-------------------------------------------
     0 | D:1      | qw the Minotaur Hexslinger began the quest for the Orb.
     0 | D:1      | Reached XP level 1. HP: 16/16 MP: 1/1
     0 | D:1      | 0 ||| qw: Version: 0.3-a-52-g30416fa
     0 | D:1      | 0 ||| qw: Game counter: 4831
     0 | D:1      | 0 ||| qw: Melee chars always use a shield: true
     0 | D:1      | 0 ||| qw: God list: Okawaru
     0 | D:1      | 0 ||| qw: Allow faded altars: false
     0 | D:1      | 0 ||| qw: Do Orc after clearing Dungeon:15 true
     0 | D:1      | 0 ||| qw: Do second Lair branch before Depths: true
     0 | D:1      | 0 ||| qw: Lair rune preference: random
     0 | D:1      | 0 ||| qw: Goals: Normal
     0 | D:1      | 0 ||| PLANNING D:1-11
    94 | D:1      | Reached skill level 3 in Ranged Weapons
   114 | D:1      | Reached XP level 2. HP: 23/23 MP: 2/2
   415 | D:1      | Found Utran's Antique Armour Emporium.
   420 | D:1      | 420 ||| SHOPLISTING ichor-stained leather armour (147 gold,
                  | have 35).
   420 | D:1      | 420 ||| SHOPLISTING runed leather armour (105 gold, have
                  | 35).
   430 | D:1      | Reached XP level 3. HP: 29/29 MP: 3/3
   483 | D:1      | 483 ||| UPGRADING to +0 leather armour.
   493 | D:1      | 493 ||| DROPPING +0 robe.
   494 | D:1      | 494 ||| UPGRADING to +0 ring mail.
   504 | D:1      | 504 ||| DROPPING +0 leather armour.
   505 | D:1      | 505 ||| READING scroll labelled XOITRY HYATA.
   506 | D:1      | 506 ||| READING scroll labelled COCIHUYVE.
   507 | D:1      | 507 ||| READING 3 scrolls labelled NEATRUCAMA.
   511 | D:1      | 511 ||| DROPPING scroll of poison.
   682 | D:2      | Reached skill level 4 in Ranged Weapons
   718 | D:2      | Found a faded altar of an unknown god.
  1035 | D:2      | Reached skill level 1 in Armour
  1081 | D:2      | Reached XP level 4. HP: 36/36 MP: 4/4
  1133 | D:2      | 1133 ||| FLEEEEING.
  1136 | D:2      | 1136 ||| FLEEEEING.
  1138 | D:2      | 1138 ||| FLEEEEING.
  1139 | D:2      | 1139 ||| FLEEEEING.
  1140 | D:2      | 1140 ||| FLEEEEING.
  1146 | D:2      | 1146 ||| FLEEEEING.
  1147 | D:2      | 1147 ||| FLEEEEING.
  1157 | D:2      | 1157 ||| FLEEEEING.
  1257 | D:2      | 1257 ||| SWAPPING to +0 arbalest.
  1258 | D:2      | 1258 ||| DROPPING +1 sling.
  1709 | D:2      | 1709 ||| UPGRADING to +2 leather armour of cold resistance.
  1719 | D:2      | 1719 ||| DROPPING +0 ring mail.
  1720 | D:2      | 1720 ||| READING 2 scrolls labelled KER XAHIELLIAC.
  1721 | D:2      | 1721 ||| DRINKING 2 cyan potions.
  1722 | D:2      | 1722 ||| READING 3 scrolls of identify.
  1722 | D:2      | 1722 ||| IDENTIFYING smoky amethyst potion
  1723 | D:2      | 1723 ||| READING 2 scrolls of identify.
  1723 | D:2      | 1723 ||| IDENTIFYING sapphire potion
  1724 | D:2      | 1724 ||| DROPPING potion of berserk rage.
  1725 | D:2      | 1725 ||| DROPPING scroll of noise.
  1742 | D:2      | Reached skill level 5 in Ranged Weapons
  1913 | D:3      | Found a runed translucent gate.
  1914 | D:3      | Found a runed translucent gate.
  1914 | D:3      | Found an opulent altar of Gozag.
  1915 | D:3      | Found a runed translucent gate.
  1917 | D:3      | Noticed qw's ghost (amateur MiHs)
  1917 | D:3      | Noticed a gnoll sergeant
  2055 | D:3      | Found an opulent altar of Gozag.
  2208 | D:3      | Noticed Grinder
  2217 | D:3      | Paralysed by Grinder for 2 turns
  2219 | D:3      | HP: 2/37 [Grinder (8)]
  2220 | D:3      | 2220 ||| READING 2 scrolls of teleportation.
  2221 | D:3      | Slain by Grinder

Levels and vault maps discovered:
D:1:      dpeg_arrival_rhombus, layout_basic, serial_shops, shop
D:2:      layout_loops_corners, dreamdust_ecumenical_altar_hidden_monk_grotto,
          minmay_box_of_dots
D:3:      layout_loops_corners, nicolae_gozag_cash_rules_everything_around_me,
          ebering_ghost_gozag, minmay_goblin_outpost, uniq_natasha, uniq_grinder

Skill      XL: |  1  2  3  4 |
---------------+-------------+-----
Ranged Weapons | 3 4 5 |  5.1
Fighting       | 2 |  2.4
Armour         | 1 |  1.4
Dodging        | |  2.1
Spellcasting   | |  1.0
Hexes          | |  2.0

Action                     |  1- 3 |  4- 6 || total
---------------------------+-------+-------++-------
   Fire: Sling             |   107 |    10 ||   117
         Arbalest          |       |    71 ||    71
    Use: Scroll            |     3 |     4 ||     7
         Potion            |       |     1 ||     1
 Armour: Robe              |     6 |       ||     6
         Ring mail         |     5 |     6 ||    11
         Leather armour    |       |     7 ||     7
  Dodge: Dodged            |    27 |    37 ||    64

Table legend:
 A = Non-vault XP
 B = Vault XP
 C = Vault XP percentage of total XP
 D = Non-vault monster count
 E = Vault monster count
 F = Vault count percentage of total count
                 A         B        C        D         E       F
            +---------+---------+-------+---------+---------+-------
      Total |     180 |      14 |   7.2 |      53 |       2 |   3.6
            +---------+---------+-------+---------+---------+-------
        D:1 |      45 |       0 |   0.0 |      27 |       0 |   0.0
        D:2 |     118 |      14 |  10.6 |      17 |       2 |  10.5
        D:3 |      17 |       0 |   0.0 |       9 |       0 |   0.0
            +---------+---------+-------+---------+---------+-------
